 Dungeon Sprint DCSS version 0.31-a0-743-g45f7035092 (webtiles) character file.

Game seed: 17152919726501021422

273 sircluck the Ruffian (level 6, -6/68 HPs)
             Began as a Troll Berserker on Sept 12, 2023.
             Was an Elder of Trog.
             Mangled by an ice beast (14 damage)
             ... in the Dungeon (Sprint VII: "The Pits").
             The game lasted 00:00:59 (218 turns).

sircluck the Ruffian (Troll Berserker)               Turns: 218, Time: 00:01:00

Health: -6/68      AC:  4    Str: 28    XL:     6   Next: 2%
Magic:  5/5        EV: 11    Int:  3    God:    Trog [****..]
Gold:   0          SH:  0    Dex:  9    Spells: 5/5 levels left

rFire   . .          .
                       - Unarmed
rCold   . . .        (no shield)
rNeg    . . .        a - +0 animal skin
rPois   .            (helmet restricted)
rElec   .            (no cloak)
rCorr   .            (gloves unavailable)
SInv    .            (boots unavailable)
Will    .....        (no amulet)
Stlth   +            (no ring)
HPRegen 1.11/turn    (no ring)
MPRegen 0.09/turn

%: no teleportation
@: no status effects
A: large, unfitting armour, claws 3, regeneration 1, shaggy fur 1, tough skin 1
a: Renounce Religion, Berserk, Trog's Hand, Brothers in Arms


You were in the Dungeon.
You worshipped Trog.
Trog was greatly pleased with you.
You visited 1 branch

Inventory:

Armour
 a - a +0 animal skin (worn)
Scrolls
 g - a scroll of blinking
 i - 2 scrolls of vulnerability
 j - a scroll of summoning
Potions
 b - 6 potions of curing
 c - 6 potions of heal wounds
 d - a potion of haste
 e - 4 potions of magic
 f - 3 potions of berserk rage
 h - 2 potions of invisibility


   Skills:
 + Level 6.6 Fighting
 + Level 6.5 Dodging
 + Level 7.8 Unarmed Combat


You had 5 spell levels left.
You didn't know any spells.
Your spell library was empty.

Dungeon Overview and Level Annotations

Branches:
Dungeon (1/1)

Altars:
Ashenzari
Cheibriados
Dithmenos
Elyvilon
Fedhas
Gozag
Hepliaklqana
Kikubaaqudgha
Makhleb
Nemelex Xobeh
Okawaru
Qazlal
Ru
Sif Muna
Trog
Uskayaw
Vehumet
Wu Jian
Xom
Yredelemnul
Zin
The Shining One
Jiyva
Lugonu


Innate Abilities, Weirdness & Mutations

You are too large for most types of armour.
You have claws for hands.
Your natural rate of healing is unusually fast.
You are covered in fur. (AC +1)
You have tough skin. (AC +1)


Message History

You scratch something.
The orc throws a boomerang.
The boomerang hits you but does no damage.
Something hits you. Something shocks you.
You miss something. Something hits you. Something shocks you.
You scratch something. Something hits you but does no damage.
You claw something!
An ice beast comes into view.
Something hits you. Something shocks you.
You scratch something.
The orc throws a boomerang.
You miss something.
A sky beast appears from thin air!
Reactivating autopickup.
The sky beast hits you. The sky beast shocks you.
You scratch the sky beast. Your claw misses the sky beast.
The sky beast is almost dead.
The sky beast hits you. The sky beast shocks you.
You closely miss the sky beast. Your claw misses the sky beast.
The sky beast is almost dead.
The sky beast barely misses you.
You claw the sky beast!
You kill the sky beast!
Trog accepts your kill.
Your Dodging skill increases to level 6!
You have reached level 6!
You feel stronger.
Unknown command.
You mangle the orc!!
You kill the orc!
Trog accepts your kill. The ice beast hits you. The ice beast freezes you!
* * * LOW HITPOINT WARNING * * *
Items here: ( ))) [[ ††††.
You scratch the ice beast.
The ice beast is lightly wounded.
The ice beast hits you but does no damage.
You barely miss the ice beast.
The ice beast is lightly wounded.
The ice beast hits you.
* * * LOW HITPOINT WARNING * * *
The ice beast freezes you!
You die...

#_________.#
#_________.#
#_______...#######
##########'##.....
#.?(.')))'.##.....
##########.##.....
#..........†'.....
#'#####'#####.....
#@#..#†.)'.##.....
#Y#..#...#.#####'#
#.#..#####.##.....
#.#..'..†#.##.....
#.#..'..)†.##.....
#.#..########...<.
#.#..'[))).##.....
#.#..#[))).##.....
#'###########.....


You could see an ice beast.

Vanquished Creatures
  An ice beast (D)
  A sky beast (D)
  A scorpion (D)
  An orc wizard (D)
  A gnoll (D)
  3 orcs (D)
  2 ball pythons (D)
  A giant cockroach (D)
  2 jackals (D)
  A frilled lizard (D)
14 creatures vanquished.

Notes
Turn   | Place    | Note
-------+----------+-------------------------------------------
     0 | D        | sircluck the Troll Berserker began the quest for the Orb.
     0 | D        | Reached XP level 1. HP: 22/22 MP: 0/0
    37 | D        | Found a bloodstained altar of Trog.
    37 | D        | Found a shimmering blue altar of Sif Muna.
    37 | D        | Found a viscous altar of Jiyva.
    37 | D        | Found a hazy altar of Hepliaklqana.
    37 | D        | Found an opulent altar of Gozag.
    38 | D        | Found a glowing golden altar of the Shining One.
    38 | D        | Found a glowing silver altar of Zin.
    38 | D        | Found a basalt altar of Yredelemnul.
    38 | D        | Found a shimmering altar of Xom.
    38 | D        | Found an ornate altar of the Wu Jian Council.
    38 | D        | Found a sacrificial altar of Ru.
    38 | D        | Found a stormy altar of Qazlal.
    38 | D        | Found an iron altar of Okawaru.
    38 | D        | Found a sparkling altar of Nemelex Xobeh.
    38 | D        | Found a burning altar of Makhleb.
    38 | D        | Found a blossoming altar of Fedhas.
    38 | D        | Found a white marble altar of Elyvilon.
    38 | D        | Found a shadowy altar of Dithmenos.
    38 | D        | Found a snail-covered altar of Cheibriados.
    40 | D        | Found a radiant altar of Vehumet.
    40 | D        | Found a corrupted altar of Lugonu.
    41 | D        | Found a hide-covered altar of Uskayaw.
    41 | D        | Found an ancient bone altar of Kikubaaqudgha.
    41 | D        | Found a broken altar of Ashenzari.
    74 | D        | Reached XP level 2. HP: 23/31 MP: 1/1
    74 | D        | Reached ** piety under Trog
    94 | D        | Reached skill level 4 in Unarmed Combat
   100 | D        | Noticed a scorpion
   101 | D        | Noticed an ice beast
   109 | D        | Killed a scorpion
   109 | D        | Reached *** piety under Trog
   110 | D        | Reached skill level 5 in Unarmed Combat
   110 | D        | Reached XP level 3. HP: 40/40 MP: 2/2
   110 | D        | Reached XP level 4. HP: 49/49 MP: 3/3
   115 | D        | Killed an ice beast
   116 | D        | Reached skill level 5 in Fighting
   116 | D        | Reached skill level 5 in Dodging
   116 | D        | Reached skill level 6 in Unarmed Combat
   116 | D        | Reached XP level 5. HP: 50/59 MP: 4/4
   168 | D        | Noticed a sky beast
   198 | D        | Reached **** piety under Trog
   199 | D        | Reached skill level 7 in Unarmed Combat
   209 | D        | Noticed an ice beast
   214 | D        | Killed a sky beast
   215 | D        | Reached XP level 6. HP: 24/68 MP: 5/5
   218 | D        | Mangled by an ice beast

Illustrated notes

Levels and vault maps discovered:
D:        pitsprint [storerooms_1, entrance_room_1, metal_vault_1, armoury_1,
          mini_pit_1, grid_room_1, main_hall_1, silver_pit, the_coven_3,
          the_vestibule_1, steel_vault_5, golden_pit, hallway_of_sentries,
          crystal_vault_1, iron_vault_5, final_vault]

Skill      XL: |  1  2  3  4  5 |
---------------+----------------+-----
Fighting       | 3 4 5 6 |  6.6
Dodging        | 3 4 5 6 |  6.5
Unarmed Combat | 5 6 7 |  7.8

Action                     |  1- 3 |  4- 6 || total
---------------------------+-------+-------++-------
  Melee: Unarmed           |    16 |    42 ||    58
         Punch             |       |     1 ||     1
 Armour: Animal skin       |     7 |    24 ||    31
  Dodge: Dodged            |    18 |     7 ||    25

Table legend: (Time is in decaauts)
 A = Elapsed time spent in this place.
 B = Non-inter-level travel time spent in this place.
 C = Inter-level travel time spent in this place.
 D = Time resting spent in this place.
 E = Time spent auto-exploring this place.
 F = Levels seen in this place.
 G = Mean time per level.
                   A        B        C        D        E       F      G
               +--------+--------+--------+--------+--------+-----+--------+
         Total |    211 |    211 |      0 |      0 |     69 |   1 |  211.0 |
       Dungeon |    211 |    211 |      0 |      0 |     69 |   1 |  211.0 |
               +--------+--------+--------+--------+--------+-----+--------+

Top non-repeatable levels by time:
       D: 211 daAuts
